 Dungeon Crawl Stone Soup version 0.31-a0-1206-g41278d8d1d (webtiles) character file.

Game seed: 1765139415669167317

165 Maratek the Shield-Bearer (level 5, -2/47 HPs)
             Began as a Minotaur Fighter on Dec 13, 2023.
             Was a Follower of Okawaru.
             Killed by nerve-wracking pain
             ... invoked by an orc priest
              (6 damage)
             ... on level 4 of the Dungeon.
             The game lasted 00:02:00 (1421 turns).

Maratek the Shield-Bearer (Minotaur Fighter)        Turns: 1421, Time: 00:02:01

Health: -2/47      AC: 10    Str: 20    XL:     5   Next: 21%
Magic:  4/4        EV:  9    Int:  7    God:    Okawaru [*.....]
Gold:   126        SH:  5    Dex: 16    Spells: 4/4 levels left

rFire   . . .        a - +0 war axe
rCold   . . .        c - +0 buckler
rNeg    + . .        m - +1 scale mail {rN+}
rPois   .            (helmet restricted)
rElec   .            l - +0 cloak
rCorr   .            b - +0 pair of gloves
SInv    .            (no boots)
Will    .....        (no amulet) Stlth
                     o - +6 ring of dexterity
HPRegen 0.27/turn    (no ring)
MPRegen 0.09/turn

%: no passive effects
@: no status effects
A: horns 2, retaliatory headbutt
a: Renounce Religion, Heroism


You were on level 4 of the Dungeon.
You worshipped Okawaru.
Okawaru was aware of your devotion.
You visited 1 branch of the dungeon, and saw 4 of its levels.

You collected 126 gold pieces.

Inventory:

Hand Weapons
 a - a +0 war axe (weapon)
Armour
 b - a +0 pair of gloves (worn)
 c - a +0 buckler (worn)
 l - a +0 cloak (worn)
 m - a +1 scale mail of positive energy (worn)
Jewellery
 o - a +6 ring of dexterity (left hand)
Potions
 d - a potion of might
 e - a potion of cancellation
 f - a potion of resistance {unknown}
 h - 2 potions of curing {unknown}
 i - a potion of magic {unknown}
 j - a potion of attraction {unknown}
 k - a potion of berserk rage {unknown}
 q - a potion of invisibility {unknown}


   Skills:
 + Level 4.7 Fighting
 + Level 3.9 Axes
 + Level 4.7 Armour
 + Level 4.7 Shields


You had 4 spell levels left.
You didn't know any spells.
Your spell library contained the following spells:

 Spells                   Type           Power      Damage    Failure   Level
 Sandblast                Erth           0%         2d4       83%         1
 Passwall                 Tmut/Erth      0%         N/A       93%         2
 Stone Arrow              Conj/Erth      0%         3d7       99%         3
 Brom's Barrelling Bould  Conj/Erth      0%         2d3       100%        4


Dungeon Overview and Level Annotations

Branches:
Dungeon (3/15)

Altars:
Gozag
Nemelex Xobeh
Okawaru
Wu Jian

Annotations:
D:1 1 transporter


Innate Abilities, Weirdness & Mutations

You have a pair of horns on your head.
You reflexively headbutt those who attack you in melee.


Message History

You are too injured to fight recklessly!
You are too injured to fight recklessly!
You are too injured to fight recklessly!
You are too injured to fight recklessly!
You are too injured to fight recklessly!
You hit the phantom.
The phantom is severely damaged.
The phantom hits you but does no damage.
You hit the phantom but do no damage. Your headbutt misses the phantom.
The phantom is severely damaged.
The phantom hits you but does no damage.
The phantom barely misses you.
You barely miss the phantom.
The phantom is severely damaged.
An orc comes into view. It is wielding a +0 flail.
The phantom barely misses you.
The orc hits you from afar with a +0 trident.
The orc shouts!
You slash the phantom!
You destroy the phantom!
Okawaru is honoured by your kill. The orc barely misses you.
You have reached level 5!
The orc barely misses you.
You completely miss the orc. The orc hits you with a +0 trident.
* * * LOW HITPOINT WARNING * * *
The orc hits you with a +0 trident.
* * * LOW HITPOINT WARNING * * *
You slash the orc!
You kill the orc!
Okawaru accepts your kill.
You closely miss the orc priest.
The orc priest calls down the wrath of Beogh upon you.
Pain shoots through your body!
* * * LOW HITPOINT WARNING * * *
You slash the orc priest!
The orc priest is severely wounded.
The orc priest mumbles some strange prayers to Beogh against you.
Pain shoots through your body!
You die...

#..
################.#
..............##.#
#############.##o#
#.(.........#.##o#
##.########.#.##o#
#### #.#.##o#
.._########.#.##@#
'#~##.......#.##.#
.###.########.##.#
...#[.........##.#
##.#...).........#
##.##.############
#.....# #####.#
###


You could see an orc priest and 3 orcs.

Vanquished Creatures
  A phantom (D:4)
  A jelly (D:2)
  2 adders
  A worm (D:2)
  3 dart slugs
  An orc (D:4)
  6 bats
  4 endoplasms
  2 giant cockroaches (D:1)
  2 goblins (D:2)
  A hobgoblin (D:1)
  6 kobolds
  A quokka (D:2)
  A ball python (D:2)
  A frilled lizard (D:1)
  5 rats (D:1)
38 creatures vanquished.

Notes
Turn   | Place    | Note
-------+----------+-------------------------------------------
     0 | D:1      | Maratek the Minotaur Fighter began the quest for the Orb.
     0 | D:1      | Reached XP level 1. HP: 19/19 MP: 0/0
   109 | D:1      | Reached XP level 2. HP: 27/27 MP: 1/1
   405 | D:2      | Reached XP level 3. HP: 24/33 MP: 2/2
   473 | D:2      | Identified the +2 helmet of Wasted Space {Regen+ rCorr}
   571 | D:2      | Reached XP level 4. HP: 40/41 MP: 3/3
   652 | D:2      | Found a sparkling altar of Nemelex Xobeh.
   886 | D:2      | Found a faded altar of an unknown god.
   916 | D:2      | Prayed at the altar of an unknown god.
   916 | D:2      | Became a worshipper of Warmaster Okawaru
   916 | D:2      | Reached * piety under Okawaru
  1312 | D:3      | You fall into a shaft and drop 1 floor!
  1355 | D:4      | Found an ornate altar of the Wu Jian Council.
  1355 | D:4      | Found an opulent altar of Gozag.
  1404 | D:4      | Noticed a phantom
  1416 | D:4      | Killed a phantom
  1417 | D:4      | Reached XP level 5. HP: 17/47 MP: 4/4
  1421 | D:4      | Killed from afar by an orc priest

Illustrated notes

Levels and vault maps discovered:
D:1:      spicycebolla_arrival_risky_transporter, layout_rooms
D:2:      kennysheep_big_flooded_room, layout_loops_ring,
          hellmonk_ecumenical_altar_blasted, basic_altar,
          dreamdust_mushroom_princess
D:3:      layout_loops_ring, minivault_11, minmay_circle_x
D:4:      layout_basic, gammafunk_temple_overflow_elements,
          minmay_temple_entry_mini_moons, corexii_item_surrounded_by_moat,
          corexii_corridor_pit

Skill      XL: |  1  2 |
---------------+-------+-----
Armour         | 4 |  4.7
Fighting       | 4 |  4.7
Shields        | 4 |  4.7
Axes           | 3 |  3.9

Action                     |  1- 3 |  4- 6 || total
---------------------------+-------+-------++-------
  Melee: War axe           |    47 |    36 ||    83
         Headbutt          |     6 |     3 ||     9
    Use: Scroll            |     1 |     3 ||     4
 Armour: Scale mail        |    28 |    27 ||    55
  Dodge: Dodged            |    30 |    20 ||    50
  Block: Buckler           |    11 |     5 ||    16

Table legend: (Time is in decaauts)
 A = Elapsed time spent in this place.
 B = Non-inter-level travel time spent in this place.
 C = Inter-level travel time spent in this place.
 D = Time resting spent in this place.
 E = Time spent auto-exploring this place.
 F = Levels seen in this place.
 G = Mean time per level.
                   A        B        C        D        E       F      G
               +--------+--------+--------+--------+--------+-----+--------+
         Total |   1458 |   1363 |     95 |      0 |   1087 |   4 |  364.5 |
       Dungeon |   1458 |   1363 |     95 |      0 |   1087 |   4 |  364.5 |
               +--------+--------+--------+--------+--------+-----+--------+

Top non-repeatable levels by time:
     D:2: 824 daAuts
     D:1: 403 daAuts
     D:3: 117 daAuts
     D:4: 113 daAuts
